 Seeded DCSS version 0.26-a0-649-gf8c6c3aab7 (webtiles) character file.

Game seed: 2520501247412517471 (custom seed)

50 flotson the Thaumaturge (level 3, 0/28 HPs)
             Began as a Gnoll Wanderer on Sept 26, 2020.
             Succumbed to an adder's poison
             ... on level 1 of the Dungeon.
             The game lasted 00:02:28 (1334 turns).

flotson the Thaumaturge (Gnoll Wanderer)            Turns: 1334, Time: 00:02:29

Health: 0/28       AC:  5    Str: 17    XL:     3   Next: 79%
Magic:  15/15      EV: 11    Int: 12    God:
Gold:   103        SH:  0    Dex: 14    Spells: 24/24 levels left

rFire    . . .     SeeInvis .   a - +2 dagger
rCold    . . .     Faith    .   (no shield)
rNeg     . . .     Spirit   .   s - +0 ring mail
rPois    .         Reflect  .   p - +0 hat
rElec    .         Harm     .   (no cloak)
rCorr    .         Rampage  .   (no gloves)
MR       .....                  (no boots)
Stlth    +.........             (no amulet)
HPRegen  0.09/turn              (no ring)
MPRegen  0.14/turn              (no ring)

@: lethally poisoned (0 -> -3), stab
A: distributed training, fangs 1, strong nose
a: no special abilities


You were on level 1 of the Dungeon.
You visited 1 branch of the dungeon, and saw 2 of its levels.

You collected 103 gold pieces.

Inventory:

Hand Weapons
 a - a +2 dagger (weapon)
 b - a +0 hand crossbow
Missiles
 c - 10 curare-tipped darts (quivered)
 d - 12 bolts
Armour
 p - a +0 hat (worn)
 s - a +0 ring mail (worn)
Jewellery
 i - an uncursed amulet of guardian spirit
 m - a cursed ring of teleportation {unknown}
Wands
 e - a wand of random effects (15)
Scrolls
 f - a scroll of remove curse {unknown}
 j - a scroll of fear {unknown}
 n - a scroll of fog {unknown}
 o - a scroll of enchant armour {unknown}
 q - a scroll of identify {unknown}
Potions
 g - a potion of haste {unknown}
 h - a potion of lignification {unknown}
 k - a potion of degeneration {unknown}
 l - a potion of mutation {unknown}


   Skills:
 + Level 2.6 Fighting
 + Level 1.0 Short Blades
 + Level 1.0 Long Blades
 + Level 1.0 Axes
 + Level 1.0 Maces & Flails
 + Level 1.0 Polearms
 + Level 1.0 Staves
 + Level 1.0 Slings
 + Level 1.0 Bows
 + Level 4.6 Crossbows
 + Level 2.6 Throwing
 + Level 1.0 Armour
 + Level 1.0 Dodging
 + Level 1.0 Stealth
 + Level 1.0 Shields
 + Level 1.0 Unarmed Combat
 + Level 11.2 Spellcasting
 + Level 0.7 Conjurations
 + Level 0.7 Hexes
 + Level 0.7 Summonings
 + Level 0.7 Necromancy
 + Level 0.7 Translocations
 + Level 0.7 Transmutations
 + Level 0.7 Fire Magic
 + Level 0.7 Ice Magic
 + Level 0.7 Air Magic
 + Level 0.7 Earth Magic
 + Level 0.7 Poison Magic
 + Level 1.0 Invocations
 + Level 2.6 Evocations


You had 24 spell levels left.
You didn't know any spells.
Your spell library was empty.

Dungeon Overview and Level Annotations

Branches:
Dungeon (2/15)

Altars:


Innate Abilities, Weirdness & Mutations

Your experience applies equally to all skills.
You have very sharp teeth.
Your uncanny sense of smell can sniff out nearby items.


Message History

The adder completely misses you. The adder bites you.
You are poisoned.
The adder poisons you!
You feel sick.
You feel sick. The adder barely misses you.
You feel sick. The adder bites you.
* * * LOW HITPOINT WARNING * * *
The adder misses you. The adder barely misses you.
You feel sick.
There is a stone staircase leading up here.
The adder bites you.
* * * LOW HITPOINT WARNING * * *
The adder closely misses you.
You climb upwards.
There is a stone staircase leading down here.
It was a potion of stabbing.
You feel ready to backstab.
You die...

§≈#.#.#..#####.......#
###.#........#......÷#
....##..######..÷....#
....##..## #.......#
.........#####..######
#####.#...........##
###..............##
##.........)..S....#
##(.#..........S@...#
#..##...............#
#.###...............#
#.# #...............#
#)# ##.............##
#.# ##.....#.....##
#.# ############# #.#
###


You could see 2 adders.

Vanquished Creatures
  An adder (D:2)
  4 giant cockroaches
  2 goblins (D:1)
  6 hobgoblins
  7 jackals (D:1)
  A quokka (D:2)
  A ball python (D:1)
  7 bats
  3 kobolds
  5 rats
37 creatures vanquished.

Notes
Turn   | Place    | Note
-------+----------+-------------------------------------------
     0 | D:1      | Reached skill level 11 in Spellcasting
     0 | D:1      | flotson the Gnoll Wanderer began the quest for the Orb.
     0 | D:1      | flotson set off with the following items: a +2 dagger, 3
                  | curare-tipped darts, a +0 hand crossbow, 22 bolts, a wand
                  | of random effects (15), a +0 robe
     0 | D:1      | Reached XP level 1. HP: 17/17 MP: 12/12
   233 | D:1      | Reached XP level 2. HP: 23/23 MP: 14/14
   568 | D:1      | Reached XP level 3. HP: 28/28 MP: 15/15
   692 | D:2      | Reached skill level 1 in Invocations
  1280 | D:2      | Found a faded altar of an unknown god.
  1301 | D:2      | Reached skill level 1 in Short Blades
  1301 | D:2      | Reached skill level 1 in Long Blades
  1301 | D:2      | Reached skill level 1 in Axes
  1301 | D:2      | Reached skill level 1 in Maces & Flails
  1301 | D:2      | Reached skill level 1 in Polearms
  1301 | D:2      | Reached skill level 1 in Staves
  1301 | D:2      | Reached skill level 1 in Slings
  1301 | D:2      | Reached skill level 1 in Bows
  1301 | D:2      | Reached skill level 1 in Armour
  1301 | D:2      | Reached skill level 1 in Dodging
  1301 | D:2      | Reached skill level 1 in Stealth
  1301 | D:2      | Reached skill level 1 in Shields
  1301 | D:2      | Reached skill level 1 in Unarmed Combat
  1332 | D:2      | HP: 1/28 [adder (4)]
  1334 | D:1      | Succumbed to an adder's poison

Illustrated notes

Levels and vault maps discovered:
D:1:      dpeg_arrival_shrine, layout_rooms
D:2:      layout_rooms, chequers_ecumenical_altar_island

Skill      XL: |  1  2  3 |
---------------+----------+-----
Spellcasting   | | 11.2
Invocations    | 1 |  1.0
Short Blades   | 1 |  1.0
Long Blades    | 1 |  1.0
Axes           | 1 |  1.0
Maces & Flails | 1 |  1.0
Polearms       | 1 |  1.0
Staves         | 1 |  1.0
Slings         | 1 |  1.0
Bows           | 1 |  1.0
Armour         | 1 |  1.0
Dodging        | 1 |  1.0
Stealth        | 1 |  1.0
Shields        | 1 |  1.0
Unarmed Combat | 1 |  1.0
Fighting       | |  2.6
Crossbows      | |  4.6
Throwing       | |  2.6
Conjurations   | |  0.7
Hexes          | |  0.7
Summonings     | |  0.7
Necromancy     | |  0.7
Translocations | |  0.7
Transmutations | |  0.7
Fire Magic     | |  0.7
Ice Magic      | |  0.7
Air Magic      | |  0.7
Earth Magic    | |  0.7
Poison Magic   | |  0.7
Evocations     | |  2.6

Action                   || total
-------------------------++-------
Melee: Dagger            ||    48
       Bite              ||     2
       Punch             ||     1
 Fire: Hand crossbow     ||    53
  Use: Potion            ||     1
Armor: Robe              ||     1
       Leather armour    ||    10
       Ring mail         ||    12
Dodge: Dodged            ||    58

Table legend: (Time is in decaauts)
 A = Elapsed time spent in this place.
 B = Non-inter-level travel time spent in this place.
 C = Inter-level travel time spent in this place.
 D = Time resting spent in this place.
 E = Time spent auto-exploring this place.
 F = Levels seen in this place.
 G = Mean time per level.
                   A        B        C        D        E       F      G
               +--------+--------+--------+--------+--------+-----+--------+
         Total |   1348 |   1294 |     54 |      0 |    945 |   2 |  674.0 |
       Dungeon |   1348 |   1294 |     54 |      0 |    945 |   2 |  674.0 |
               +--------+--------+--------+--------+--------+-----+--------+

Top non-repeatable levels by time:
     D:1: 712 daAuts
     D:2: 635 daAuts
